APP
OREM OWLZ @ OAKLAND (APP) ATHLETICS
06/22/2044
 
TOP OF THE 1ST
Orem Owlz batting - Pitching for Oakland (APP) Athletics : RHP Kyle Rasor
Pitching: RHP Kyle Rasor
Batting: SHB Butch Brown 0-0: Swinging Strike
0-1: Foul Ball, location: 2F
0-2: Ball
1-2: SINGLE (Groundball, 34D, EV 100.6 MPH)
Batting: LHB Justin Alexander 0-0: Ball
1-0: Foul Ball, location: 2F
1-1: Swinging Strike
1-2: Grounds into double play, 6-4-3 (Groundball, 56, EV 100.6 MPH)
Batting: LHB Brett Bugge 0-0: Ground out 1-3 (Groundball, 13S, EV 75.0 MPH)
Top of the 1st over - 0 runs, 1 hit, 0 errors, 0 left on base; Orem 0 - Oakland (APP) 0
BOTTOM OF THE 1ST
Oakland (APP) Athletics batting - Pitching for Orem Owlz : RHP Chris Russell
Pitching: RHP Chris Russell
Batting: RHB Colin Coleman 0-0: Ball
1-0: Ball
2-0: Ball
3-0: Called Strike
3-1: DOUBLE (Line Drive, 7LM, EV 110.0 MPH)
Batting: RHB Steve Blackshear 0-0: Called Strike
0-1: Called Strike
0-2: Foul Ball, location: 2F
0-2: 2-RUN HOME RUN (Flyball, 9D, EV 91.3 MPH), Distance : 352 ft
Batting: RHB Matt Black 0-0: Ball
1-0: Ball
2-0: Ball
3-0: Called Strike
3-1: Fly out, F8 (Line Drive, 8RD, EV 91.3 MPH)
Batting: RHB Josh Whaley 0-0: Foul Ball, location: 2F
0-1: Ball
1-1: Ball
2-1: Foul Ball, location: 2F
2-2: Ball
3-2: Foul Ball, location: 2F
3-2: Strikes out swinging
Batting: LHB Augustin Cormier 0-0: Ball
1-0: Ball
2-0: Called Strike
2-1: Foul Ball, location: 2F
2-2: Ground out 3-1 (Groundball, 34S, EV 88.1 MPH)
Bottom of the 1st over - 2 runs, 2 hits, 0 errors, 0 left on base; Orem 0 - Oakland (APP) 2
TOP OF THE 2ND
Orem Owlz batting - Pitching for Oakland (APP) Athletics : RHP Kyle Rasor
Batting: RHB Mike Alm 0-0: Ball
1-0: Foul Ball, location: 2F
1-1: Foul Ball, location: 2F
1-2: Foul Ball, location: 2F
1-2: Foul Ball, location: 2F
1-2: Foul Ball, location: 2F
1-2: Strikes out looking
Batting: RHB Ryan Pelletier 0-0: Foul Ball, location: 2F
0-1: Ball
1-1: SINGLE (Groundball, 56D, EV 101.9 MPH)
Batting: RHB Danny Bjarnson 0-0: Called Strike
Ryan Pelletier steals 2nd base
0-1: Ball
1-1: SINGLE (Line Drive, 9S, EV 89.4 MPH)
Ryan Pelletier to third
Batting: RHB J.R. Roberts 0-0: Called Strike
0-1: Ball
1-1: Foul Ball, location: 2F
1-2: Fielders Choice at 2nd, 3-6 (Groundball, 34S, EV 84.4 MPH)
Ryan Pelletier scores
Batting: RHB Kinya Nishimura 0-0: Called Strike
0-1: Called Strike
0-2: Ball
1-2: Ball
2-2: Ground out U3 (Groundball, 34, EV 85.6 MPH)
Top of the 2nd over - 1 run, 2 hits, 0 errors, 1 left on base; Orem 1 - Oakland (APP) 2
BOTTOM OF THE 2ND
Oakland (APP) Athletics batting - Pitching for Orem Owlz : RHP Chris Russell
Batting: RHB Chris Temple 0-0: Ball
1-0: Ball
2-0: Called Strike
2-1: Fly out, F3 (Popup, 3L, EV 61.9 MPH)
Batting: LHB Al Soltero 0-0: Called Strike
0-1: Ball
1-1: Ball
2-1: Foul Ball, location: 2F
2-2: Ball
3-2: Foul Ball, location: 2F
3-2: Strikes out swinging
Batting: RHB Branden Mackie 0-0: Ball
1-0: Foul Ball, location: 2F
1-1: Foul Ball, location: 2F
1-2: Ball
2-2: Strikes out looking
Bottom of the 2nd over - 0 runs, 0 hits, 0 errors, 0 left on base; Orem 1 - Oakland (APP) 2
TOP OF THE 3RD
Orem Owlz batting - Pitching for Oakland (APP) Athletics : RHP Kyle Rasor
Batting: RHB Malachi Ephron 0-0: Ball
1-0: Foul Ball, location: 2F
1-1: Called Strike
1-2: Ball
2-2: Foul Ball, location: 2F
2-2: SOLO HOME RUN (Line Drive, 9D, EV 96.9 MPH), Distance : 370 ft
Batting: SHB Butch Brown 0-0: Called Strike
0-1: Ball
1-1: Foul Ball, location: 2F
1-2: Ball
2-2: Foul Ball, location: 2F
2-2: Ball
3-2: Ground out 1-3 (Groundball, 13S, EV 66.3 MPH)
Batting: LHB Justin Alexander 0-0: Swinging Strike
0-1: Bunt for hit to 25 - play at first, batter safe!
Batting: LHB Brett Bugge 0-0: Ball
Justin Alexander steals 2nd, throwing error, E2
Justin Alexander to third
1-0: Ball
2-0: Called Strike
2-1: Foul Ball, location: 2F
2-2: Ball
3-2: Foul Ball, location: 2F
3-2: Strikes out swinging
Batting: RHB Mike Alm 0-0: Foul Ball, location: 2F
0-1: Foul Ball, location: 2F
0-2: Foul Ball, location: 2F
0-2: Ball
1-2: Foul Ball, location: 2F
1-2: Ball
2-2: Ball
3-2: Reached on error, E6 (Groundball, 6, EV 75.6 MPH)
Justin Alexander scores
Batting: RHB Ryan Pelletier 0-0: Ball
1-0: Ball
2-0: Ground out 5-3 (Groundball, 56S, EV 88.8 MPH)
Top of the 3rd over - 2 runs, 2 hits, 2 errors, 1 left on base; Orem 3 - Oakland (APP) 2
BOTTOM OF THE 3RD
Oakland (APP) Athletics batting - Pitching for Orem Owlz : RHP Chris Russell
Batting: LHB Mark Friedmann 0-0: Foul Ball, location: 2F
0-1: Ball
1-1: Ball
2-1: Called Strike
2-2: Foul Ball, location: 2F
2-2: Ball
3-2: Base on Balls
Batting: RHB Colin Coleman 0-0: Ball
Pickoff Throw by Catcher to First - Error! E2
Mark Friedmann to second
1-0: Ground out U3 (Groundball, 3, EV 88.8 MPH)
Mark Friedmann to third
Batting: RHB Steve Blackshear 0-0: Ball
1-0: 2-RUN HOME RUN (Flyball, 7D, EV 106.9 MPH), Distance : 397 ft
Batting: RHB Matt Black 0-0: Ball
1-0: Ball
2-0: SINGLE (Groundball, 56, EV 106.3 MPH)
Batting: RHB Josh Whaley 0-0: Called Strike
0-1: Ball
1-1: Swinging Strike
1-2: Foul Ball, location: 2F
1-2: Ball
2-2: Grounds into double play, 4-6-3 (Groundball, 4, EV 81.9 MPH)
Bottom of the 3rd over - 2 runs, 2 hits, 1 error, 0 left on base; Orem 3 - Oakland (APP) 4
TOP OF THE 4TH
Orem Owlz batting - Pitching for Oakland (APP) Athletics : RHP Kyle Rasor
Batting: RHB Danny Bjarnson 0-0: Fly out, F7 (Flyball, 7, EV 85.6 MPH)
Batting: RHB J.R. Roberts 0-0: Ball
1-0: Called Strike
1-1: Ball
2-1: Called Strike
2-2: Foul Ball, location: 2F
2-2: Foul Ball, location: 2F
2-2: Ball
3-2: Strikes out swinging
Batting: RHB Kinya Nishimura 0-0: Fly out, F8 (Flyball, 8LD, EV 104.4 MPH)
Top of the 4th over - 0 runs, 0 hits, 0 errors, 0 left on base; Orem 3 - Oakland (APP) 4
BOTTOM OF THE 4TH
Oakland (APP) Athletics batting - Pitching for Orem Owlz : RHP Chris Russell
Batting: LHB Augustin Cormier 0-0: Ball
1-0: Ball
2-0: Foul Ball, location: 2F
2-1: Fly out, F5 (Line Drive, 5, EV 72.5 MPH)
Batting: RHB Chris Temple 0-0: Called Strike
0-1: Foul Ball, location: 2F
0-2: Reached on error, E6 (Groundball, 6, EV 107.5 MPH)
Batting: LHB Al Soltero 0-0: Foul Ball, location: 2F
0-1: Ball
1-1: Ball
2-1: Fly out, F6 (Popup, 6M, EV 74.4 MPH)
Batting: RHB Branden Mackie 0-0: Called Strike
0-1: Ball
1-1: Swinging Strike
1-2: Ball
2-2: Foul Ball, location: 2F
2-2: Fly out, F8 (Flyball, 8RXD, EV 103.1 MPH)
Bottom of the 4th over - 0 runs, 0 hits, 1 error, 1 left on base; Orem 3 - Oakland (APP) 4
TOP OF THE 5TH
Orem Owlz batting - Pitching for Oakland (APP) Athletics : RHP Kyle Rasor
Batting: RHB Malachi Ephron 0-0: Ball
1-0: Ball
2-0: Called Strike
2-1: Ball
3-1: Base on Balls
Batting: SHB Butch Brown 0-0: SINGLE (Line Drive, 89M, EV 108.8 MPH)
Malachi Ephron to second
Batting: LHB Justin Alexander 0-0: Ball
1-0: Foul Ball, location: 2F
1-1: Called Strike
1-2: Foul Ball, location: 2F
1-2: Foul Ball, location: 2F
1-2: Ball
2-2: SINGLE (Groundball, 4D, EV 98.1 MPH)
Malachi Ephron to third
Butch Brown to second
Pitching: LHP Kalaida Steedman
Batting: LHB Brett Bugge 0-0: Ball
1-0: Called Strike
1-1: Ball
2-1: Foul Ball, location: 2F
2-2: Ball
3-2: Strikes out swinging
Batting: RHB Mike Alm 0-0: Ball
1-0: Ball
2-0: Ball
3-0: Called Strike
3-1: Foul Ball, location: 2F
3-2: Base on Balls
Malachi Ephron scores
Butch Brown to third
Justin Alexander to second
Batting: RHB Ryan Pelletier 0-0: Ball
1-0: Fly out, F8 (Flyball, 8LM, EV 85.0 MPH)
Runner from 3rd tags up, OUT at HOME! 8-2
Top of the 5th over - 1 run, 2 hits, 0 errors, 2 left on base; Orem 4 - Oakland (APP) 4
BOTTOM OF THE 5TH
Oakland (APP) Athletics batting - Pitching for Orem Owlz : RHP Chris Russell
Pitching: RHP Owen Prouty
Batting: LHB Mark Friedmann 0-0: Called Strike
0-1: Foul Ball, location: 2F
0-2: Strikes out swinging, 2-3 out at first.
Batting: RHB Colin Coleman 0-0: Called Strike
0-1: Ball
1-1: Swinging Strike
1-2: Foul Ball, location: 2F
1-2: Ball
2-2: Ball
3-2: Strikes out looking
Batting: RHB Steve Blackshear 0-0: Ball
1-0: Called Strike
1-1: Foul Ball, location: 2F
1-2: Ball
2-2: Foul Ball, location: 2F
2-2: Ball
3-2: Base on Balls
Batting: RHB Matt Black 0-0: Called Strike
0-1: Called Strike
0-2: Ball
1-2: Ball
Steve Blackshear is caught stealing 2nd base 2-4
Bottom of the 5th over - 0 runs, 0 hits, 0 errors, 0 left on base; Orem 4 - Oakland (APP) 4
TOP OF THE 6TH
Orem Owlz batting - Pitching for Oakland (APP) Athletics : LHP Kalaida Steedman
Batting: RHB Danny Bjarnson 0-0: Swinging Strike
0-1: Ball
1-1: SINGLE (Groundball, 6S, EV 60.0 MPH) (infield hit)
Batting: RHB J.R. Roberts 0-0: Fly out, F8 (Flyball, 8LD, EV 99.4 MPH)
Batting: RHB Kinya Nishimura 0-0: Ball
1-0: Fly out, F9 (Flyball, 9LS, EV 100.0 MPH)
Batting: RHB Malachi Ephron Pickoff Throw to First - Out! 1-3
Top of the 6th over - 0 runs, 1 hit, 0 errors, 0 left on base; Orem 4 - Oakland (APP) 4
BOTTOM OF THE 6TH
Oakland (APP) Athletics batting - Pitching for Orem Owlz : RHP Owen Prouty
Batting: RHB Matt Black 0-0: Ball
1-0: Ball
2-0: Ball
3-0: Base on Balls
Batting: RHB Josh Whaley 0-0: Ball
1-0: Foul Ball, location: 2F
1-1: Called Strike
1-2: Strikes out swinging
Batting: LHB Augustin Cormier 0-0: Swinging Strike
0-1: Swinging Strike
0-2: Ball
1-2: Foul Ball, location: 2F
1-2: Foul Ball, location: 2F
1-2: Ball
2-2: Strikes out swinging
Batting: RHB Chris Temple 0-0: Called Strike
0-1: Ground out 4-3 (Groundball, 34D, EV 77.5 MPH)
Bottom of the 6th over - 0 runs, 0 hits, 0 errors, 1 left on base; Orem 4 - Oakland (APP) 4
TOP OF THE 7TH
Orem Owlz batting - Pitching for Oakland (APP) Athletics : LHP Kalaida Steedman
Batting: RHB Malachi Ephron 0-0: Ball
1-0: Ball
2-0: Called Strike
2-1: SOLO HOME RUN (Flyball, 78XD, EV 107.5 MPH), Distance : 420 ft
Batting: SHB Butch Brown 0-0: Called Strike
0-1: Called Strike
0-2: Foul Ball, location: 2F
0-2: Ball
1-2: Strikes out swinging
Batting: LHB Justin Alexander 0-0: Called Strike
0-1: Foul Ball, location: 2F
0-2: Ball
1-2: Ball
2-2: Ball
3-2: Base on Balls
Batting: LHB Brett Bugge 0-0: Ball
1-0: Ball
Justin Alexander is caught stealing 2nd base 2-6
2-0: Called Strike
2-1: Ball
3-1: Fly out, F4 (Popup, 34S, EV 75.0 MPH)
Top of the 7th over - 1 run, 1 hit, 0 errors, 0 left on base; Orem 5 - Oakland (APP) 4
BOTTOM OF THE 7TH
Oakland (APP) Athletics batting - Pitching for Orem Owlz : RHP Owen Prouty
Pitching: RHP Kennie Williams
Batting: LHB Al Soltero 0-0: Ball
1-0: Foul Ball, location: 2F
1-1: Ball
2-1: Foul Ball, location: 2F
2-2: Reached on error, E3 (Groundball, 34S, EV 83.8 MPH)
Batting: RHB Branden Mackie 0-0: Ball
1-0: Ball
2-0: Ball
3-0: Base on Balls
Al Soltero to second
Batting: LHB Mark Friedmann 0-0: Bunted foul
0-1: Bunt missed!
0-2: Ball
1-2: Ball
2-2: Ball
3-2: Foul Ball, location: 2F
3-2: Base on Balls
Al Soltero to third
Branden Mackie to second
Batting: RHB Colin Coleman 0-0: Ball
1-0: Swinging Strike
1-1: Ball
2-1: Fly out, F9 (Flyball, 9LM, EV 79.4 MPH)
Batting: RHB Steve Blackshear 0-0: Ball
1-0: Ball
2-0: Swinging Strike
2-1: Swinging Strike
2-2: Ball
3-2: Strikes out swinging
Batting: RHB Matt Black 0-0: Foul Ball, location: 2F
0-1: Ball
1-1: Ground out 3-1 (Groundball, 34, EV 102.5 MPH)
Bottom of the 7th over - 0 runs, 0 hits, 1 error, 3 left on base; Orem 5 - Oakland (APP) 4
TOP OF THE 8TH
Orem Owlz batting - Pitching for Oakland (APP) Athletics : LHP Kalaida Steedman
Pitching: RHP Ricky Lopez
Batting: RHB Mike Alm 0-0: Called Strike
0-1: Called Strike
0-2: Strikes out swinging
Batting: RHB Ryan Pelletier 0-0: Ground out 5-3 (Groundball, 56, EV 102.5 MPH)
Batting: RHB Danny Bjarnson 0-0: Ball
1-0: Foul Ball, location: 2F
1-1: Foul Ball, location: 2F
1-2: Ball
2-2: Ball
3-2: Foul Ball, location: 2F
3-2: DOUBLE (Line Drive, 89D, EV 99.4 MPH)
Batting: RHB J.R. Roberts 0-0: Ball
1-0: Ball
2-0: Called Strike
2-1: Swinging Strike
Passed Ball!
Danny Bjarnson to third
2-2: Ball
3-2: Base on Balls
Batting: RHB Kinya Nishimura 0-0: DOUBLE (Line Drive, 9LS, EV 93.8 MPH)
Danny Bjarnson scores
J.R. Roberts to third
Runner from 3rd tries for Home, throw by RF and OUT! 9-4-2
Top of the 8th over - 1 run, 2 hits, 0 errors, 1 left on base; Orem 6 - Oakland (APP) 4
BOTTOM OF THE 8TH
Oakland (APP) Athletics batting - Pitching for Orem Owlz : RHP Kennie Williams
Pitching: RHP Simon Vogel
Batting: RHB Josh Whaley 0-0: Called Strike
0-1: Ball
1-1: SOLO HOME RUN (Flyball, 7LD, EV 93.1 MPH), Distance : 343 ft
Batting: LHB Augustin Cormier 0-0: Called Strike
0-1: Ball
1-1: Ball
2-1: Ball
3-1: Called Strike
3-2: Base on Balls
Batting: RHB Chris Temple 0-0: Called Strike
0-1: Grounds into double play, 4-6-3 (Groundball, 4, EV 87.5 MPH)
Batting: LHB Al Soltero 0-0: Ground out 4-3 (Groundball, 4, EV 104.4 MPH)
Bottom of the 8th over - 1 run, 1 hit, 0 errors, 0 left on base; Orem 6 - Oakland (APP) 5
TOP OF THE 9TH
Orem Owlz batting - Pitching for Oakland (APP) Athletics : RHP Ricky Lopez
Pinch Hitting: LHB Nick Isaac 0-0: Called Strike
0-1: Swinging Strike
0-2: Ball
1-2: Strikes out swinging
Batting: SHB Butch Brown 0-0: Foul Ball, location: 2F
0-1: Foul Ball, location: 2F
0-2: Strikes out swinging
Batting: LHB Justin Alexander 0-0: Called Strike
0-1: Swinging Strike
0-2: Ball
1-2: Ball
2-2: Ball
3-2: Strikes out swinging
Top of the 9th over - 0 runs, 0 hits, 0 errors, 0 left on base; Orem 6 - Oakland (APP) 5
BOTTOM OF THE 9TH
Oakland (APP) Athletics batting - Pitching for Orem Owlz : RHP Simon Vogel
Pitching: RHP Troy Ingram
Now at SS: Winikeneke Keikemamake
Now in RF: Danny Bjarnson
Batting: RHB Branden Mackie 0-0: Ball
1-0: Called Strike
1-1: SINGLE (Groundball, 6, EV 96.9 MPH)
Batting: LHB Mark Friedmann 0-0: Bunt missed!
0-1: Bunted foul
0-2: Ball
1-2: Ball
2-2: Ball
3-2: Foul Ball, location: 2F
3-2: Foul Ball, location: 2F
3-2: Base on Balls
Branden Mackie to second
Batting: RHB Colin Coleman 0-0: Bunted foul
0-1: Bunted foul
0-2: Foul Ball, location: 2F
0-2: Ground out 5-3 (Groundball, 56S, EV 88.1 MPH)
Branden Mackie to third
Mark Friedmann to second
Batting: RHB Steve Blackshear 0-0: Ball
1-0: Called Strike
1-1: Ball
2-1: Ball
3-1: Base on Balls
Batting: RHB Matt Black 0-0: Ball
1-0: Ball
2-0: Ball
3-0: Base on Balls
Branden Mackie scores
Mark Friedmann to third
Steve Blackshear to second
Pitching: RHP Ed Raleigh
Batting: RHB Josh Whaley 0-0: Ball
1-0: Ball
2-0: Swinging Strike
2-1: Ball
Wild Pitch!
Mark Friedmann scores
Bottom of the 9th over - 2 runs, 1 hit, 0 errors, 0 left on base; Orem 6 - Oakland (APP) 7
Game Over ... Oakland (APP) defeats Orem, 7 to 6
Thursday, March 31st , 2022 - OOTP Baseball 22.12 Build 89